 Dungeon Crawl Stone Soup version 0.29-a0-322-g68df515428 (console) character file.

Game seed: 10772715377725323926

254 Ignak the Skirmisher (level 6, -4/62 HPs)
             Began as an Ogre Warper on Apr 6, 2022.
             Slain by a river rat (7 damage)
             ... in a sewer.
             The game lasted 00:09:09 (3746 turns).

Ignak the Skirmisher (Ogre Warper)                  Turns: 3746, Time: 00:09:09

Health: -4/62      AC:  4    Str: 17 (18) XL:     6   Next: 14%
Magic:  3/11       EV:  9    Int: 11 (14) God:
Gold:   65         SH:  0    Dex:  6 (8)  Spells: 3/11 levels left

rFire   . . .      SeeInvis .   p - +1 mace (holy)
rCold   . . .      Faith    .   (no shield)
rNeg    . . .      Spirit   .   b - +1 robe
rPois   .          Reflect  .   (helmet restricted)
rElec   .          Harm     .   (no cloak)
rCorr   .          Rampage  .   (gloves unavailable)
Will    .....                   (boots unavailable)
Stlth   +.........              (no amulet)
HPRegen 0.20/turn               (no ring)
MPRegen 0.12/turn               (no ring)

@: confusing by touch
A: large, unfitting armour, tough skin 1
a: no special abilities


You were in a sewer.
You visited 1 branch of the dungeon, and saw 3 of its levels.
You also visited: Sewer.

You collected 65 gold pieces.

Inventory:

Hand Weapons
 p - a +1 mace of holy wrath (weapon)
Missiles
 d - 7 boomerangs of dispersal (quivered)
Armour
 b - a +1 robe (worn)
Scrolls
 c - a scroll of blinking
 e - 2 scrolls of enchant armour
 h - a scroll of immolation {unknown}
 k - a scroll of identify {unknown}
 n - a scroll of fear {unknown}
 q - 2 scrolls of vulnerability
Potions
 f - 2 potions of haste
 j - a potion of brilliance


   Skills:
 + Level 3.9 Fighting
 + Level 2.6 Maces & Flails
 + Level 2.2 Throwing
 + Level 2.9 Dodging
 + Level 3.4 Spellcasting
 * Level 1.6 Hexes
 + Level 3.4 Translocations


You had 3 spell levels left.
You knew the following spells:

 Your Spells              Type           Power      Damage    Failure   Level
a - Gell's Gravitas       Tloc           9%         N/A       19%         3
b - Blink                 Tloc           18%        N/A       10%         2
c - Confusing Touch       Hex            5%         N/A       36%         3

Your spell library contained the following spells:

 Spells                   Type           Power      Damage    Failure   Level
 Lesser Beckoning         Tloc           9%         N/A       19%         3
 Teleport Other           Tloc           9%         N/A       19%         3
 Conjure Flame            Conj/Fire      1%         6-21      58%         3
 Ignite Poison            Fire/Tmut/Pois 1%         N/A       58%         3
 Manifold Assault         Tloc           9%         N/A       86%         5
 Sticky Flame             Conj/Fire      1%         2d3       94%         4
 Yara's Violent Unravell  Hex/Tmut       1%         3d3       99%         5
 Enfeeble                 Hex            2%         N/A       100%        7


Dungeon Overview and Level Annotations

Branches:
Dungeon (3/15)              Sewer (1/1)

Altars:


Innate Abilities, Weirdness & Mutations

You are too large for most types of armour.
You have tough skin. (AC +1)


Message History

The river rat is almost dead.
You kill the river rat!
The river rat seems less confused.
You hit the river rat but do no damage.
The river rat is lightly wounded.
The river rat bites you but does no damage.
You hit the river rat but do no damage.
The river rat appears confused.
The river rat is lightly wounded.
You are too injured to fight recklessly!
You are too injured to fight recklessly!
You are too injured to fight recklessly!
You are too injured to fight recklessly!
You hit the river rat.
The river rat is moderately wounded.
You catch the helpless river rat completely off-guard!
You hit the river rat.
The river rat is heavily wounded.
The river rat barely misses you.
The river rat bites itself but does no damage.
You hit the river rat.
The river rat is heavily wounded.
The river rat seems less confused.
You hit the river rat.
The river rat is almost dead.
The river rat bites you!
* * * LOW HITPOINT WARNING * * *
Casting: Confusing Touch (dangerous; 36% risk of failure)
Confirm with . or Enter, or press ? or * to list all spells.
Your hands begin to glow red.
The river rat barely misses you.
You hit the river rat but do no damage.
The river rat is almost dead.
The river rat barely misses you. The river rat closely misses you.
You barely miss the river rat.
The river rat is almost dead.
The river rat bites you.
* * * LOW HITPOINT WARNING * * *
You completely miss the river rat.
The river rat is almost dead.
The river rat bites you!
You die...

#......≈≈≈≈≈≈.....##
##.......≈≈≈≈†.#...#
#.......≈≈≈≈.##...##
##......≈≈≈..###...#
####......≈≈≈≈..##...#
#∩###......≈≈...÷.†.##
#.###......≈≈≈.....##
#..#......≈≈≈≈.÷...#
##.....@r.≈≈≈≈..†.†#
##........≈≈......##
##.......≈≈≈.(..(.#
##....≈≈≈≈≈≈....†.##
#......≈≈≈≈....#...#
##.....≈≈≈≈≈≈..###..#
#..#...≈≈≈≈≈≈≈.# #..#
#.###...≈≈≈≈≈....#..#
#∩###..≈≈≈≈≈≈.....r.#


You could see a river rat.

Vanquished Creatures
  Jessica (D:2)
  Natasha (thrice) (D:2)
  6 adders
  5 river rats (Sewer)
  A dart slug (D:3)
  2 bats
  3 endoplasms
  A giant cockroach (D:3)
  A goblin (D:1)
  2 hobgoblins
  10 kobolds
  4 quokkas
  6 ball pythons
  A frilled lizard (D:1)
  19 rats
65 creatures vanquished.

Vanquished Creatures (others)
  A goblin (D:3)
1 creature vanquished.

Grand Total: 66 creatures vanquished

Notes
Turn   | Place    | Note
-------+----------+-------------------------------------------
     0 | D:1      | Ignak the Ogre Warper began the quest for the Orb.
     0 | D:1      | Reached XP level 1. HP: 22/22 MP: 3/3
   301 | D:1      | Reached XP level 2. HP: 6/29 MP: 5/5
   543 | D:1      | Learned a level 2 spell: Blink
   871 | D:1      | Found a faded altar of an unknown god.
  1239 | D:2      | Noticed Natasha
  1243 | D:2      | Reached XP level 3. HP: 28/37 MP: 7/7
  1248 | D:2      | Killed Natasha
  1547 | D:2      | Reached XP level 4. HP: 32/45 MP: 8/8
  1700 | D:2      | Noticed Jessica
  1701 | D:2      | Killed Jessica
  1732 | D:2      | Learned a level 3 spell: Gell's Gravitas
  1736 | D:2      | Learned a level 3 spell: Confusing Touch
  1921 | D:2      | Noticed Natasha
  1922 | D:2      | Killed Natasha
  2215 | D:3      | Reached XP level 5. HP: 43/53 MP: 9/9
  2256 | D:2      | HP: 2/53 [poisoned by an adder]
  2287 | D:2      | Noticed Natasha
  2291 | D:2      | Killed Natasha
  2292 | D:2      | Reached skill level 1 in Hexes
  2684 | D:3      | Found a glowing drain.
  2687 | Sewer    | Entered a sewer
  3354 | Sewer    | Identified the +1 ring mail of Dice, Bag, and Bottle {+Inv
                  | rElec Str+4}
  3600 | Sewer    | Reached XP level 6. HP: 53/62 MP: 9/11
  3745 | Sewer    | HP: 3/62 [river rat (3)]
  3746 | Sewer    | Slain by a river rat

Illustrated notes

Levels and vault maps discovered:
D:1:      dpeg_arrival_tiny_k, layout_basic, basic_ecumenical_altar,
          serial_corexii_hall, corexii_hall_statues_t,
          chequers_hall_statues_corner_a, fountainhead
D:2:      layout_loops_ring, uniq_natasha, uniq_jessica
D:3:      layout_loops_cross, portal_sewer_entry_e,
          chequers_serial_rivers_micro_b, grunt_ministairs_6,
          kennysheep_generic_room_13
Sewer:    sewer_minmay_treatment

Skill      XL: |  1  2  3  4  5 |
---------------+----------------+-----
Fighting       | 3 |  3.9
Maces & Flails | 2 |  2.6
Translocations | 3 |  3.4
Spellcasting   | 3 |  3.4
Throwing       | 2 |  2.2
Hexes          | 1 |  1.6
Dodging        | |  2.9

Action                   |  1- 3 |  4- 6 || total
-------------------------+-------+-------++-------
Melee: Mace              |    62 |   180 ||   242
       Punch             |     1 |     1 ||     2
Throw: Large rock        |     3 |     4 ||     7
       Dart              |       |     8 ||     8
 Cast: Blink             |     1 |     4 ||     5
       Confusing Touch   |       |     3 ||     3
  Use: Potion            |     1 |     6 ||     7
       Scroll            |       |     4 ||     4
 Stab: Confused          |       |     1 ||     1
Armor: Robe              |    20 |    81 ||   101
       Skin              |       |    40 ||    40
Dodge: Dodged            |    42 |   113 ||   155

Table legend: (Time is in decaauts)
 A = Elapsed time spent in this place.
 B = Non-inter-level travel time spent in this place.
 C = Inter-level travel time spent in this place.
 D = Time resting spent in this place.
 E = Time spent auto-exploring this place.
 F = Levels seen in this place.
 G = Mean time per level.
                   A        B        C        D        E       F      G
               +--------+--------+--------+--------+--------+-----+--------+
         Total |   3809 |   3756 |     53 |   1330 |   1522 |   4 |  952.2 |
       Dungeon |   2718 |   2665 |     53 |    767 |   1318 |   3 |  906.0 |
         Sewer |   1091 |   1091 |      0 |    563 |    204 |   1 | 1091.0 |
               +--------+--------+--------+--------+--------+-----+--------+

Top non-repeatable levels by time:
     D:2: 1430 daAuts
     D:1: 1097 daAuts
   Sewer: 1091 daAuts
     D:3: 190 daAuts
